 Dungeon Sprint DCSS version 0.30.1-11-g7821555f0a (webtiles) character file.

Game seed: 6508769486678629757

6068 Groucho the Unseen (level 10, -6/51 HPs)
             Began as a Spriggan Enchanter on Dec 13, 2023.
             Was a Priest of Dithmenos.
             Mangled by a tentacle (22 damage)
             ... attached to a kraken
             ... in the Dungeon (Sprint II: "The Violet Keep of Menkaure").
             The game lasted 00:13:01 (1238 turns).

Groucho the Unseen (Spriggan Enchanter)             Turns: 1238, Time: 00:13:01

Health: -6/51      AC:  2    Str:  4    XL:     10   Next: 57%
Magic:  25/25      EV: 22    Int: 22    God:    Dithmenos [***...]
Gold:   641        SH:  0    Dex: 15    Spells: 3/29 levels left

rFire   . . .        a - +1 dagger
rCold   . . .        (no shield)
rNeg    . . .        b - +0 robe
rPois   .            (helmet restricted)
rElec   .            (no cloak)
rCorr   .            (gloves unavailable)
SInv    +            (boots unavailable)
Will    +....        (no amulet)
Stlth   ++++         (no ring)
HPRegen 0.28/turn    (no ring)
MPRegen 0.19/turn

%: no teleportation
@: wreathed by umbra, studying Ranged Weapons, slow
A: very small, no large weapons, unfitting armour, see invisible, speed 3
a: Renounce Religion, Shadow Step


You were in the Dungeon.
You worshipped Dithmenos.
Dithmenos was most pleased with you.
You visited 1 branch You collected 1479 gold pieces.
You spent 838 gold pieces at shops.

Inventory:

Hand Weapons
 a - a +1 dagger (weapon)
Armour
 b - a +0 robe (worn)
Jewellery
 c - a ring of protection from fire
 m - an amulet of guardian spirit
Scrolls
 e - 2 scrolls of torment {unknown}
 i - 2 scrolls of summoning {unknown}
 k - a scroll of silence {unknown}
 l - a scroll of fog {unknown}
 n - 2 scrolls of identify {unknown}
 o - a scroll of magic mapping {unknown}
 q - a scroll of poison {unknown}
 s - 2 scrolls of blinking
 t - a scroll of fear {unknown}
 u - a scroll of enchant armour {unknown}
Potions
 d - 4 potions of curing
 f - 4 potions of flight
 g - 4 potions of magic
 h - a potion of berserk rage
 j - a potion of degeneration {unknown}
 p - a potion of heal wounds
 r - 4 potions of resistance {unknown}


   Skills:
 - Level 5.0 Fighting
 - Level 10.0 Short Blades
 - Level 10.0 Dodging
 - Level 15.0 Stealth
 - Level 10.0 Spellcasting
 - Level 14.0 Hexes
 - Level 10.0 Transmutations
 + Level 11.5 Earth Magic


You had 3 spell levels left.
You knew the following spells:

 Your Spells              Type           Power      Damage    Failure   Level
a - Ensorcelled Hibernat  Hex/Ice        82%        N/A       1%          2
b - Confusing Touch       Hex            64%        N/A       1%          3
c - Dazzling Flash        Conj/Hex       82%        N/A       1%          3
d - Tukima's Dance        Hex            64%        N/A       1%          3
e - Petrify               Tmut/Erth      55%        N/A       1%          4
f - Lee's Rapid Deconstr  Erth           29%        3d15*     1%          5
g - Statue Form           Tmut/Erth      36%        N/A       11%         6

Your spell library contained the following spells:

 Spells                   Type           Power      Damage    Failure   Level
 Beastly Appendage        Tmut           100%       N/A       1%          1
 Wereblood                Tmut           53%        N/A       1%          2
 Spider Form              Tmut/Pois      33%        N/A       2%          3
 Freeze                   Ice            44%        1d6       6%          1
 Blink                    Tloc           22%        N/A       9%          2
 Lesser Beckoning         Tloc           22%        N/A       9%          2
 Frozen Ramparts          Ice            22%        1d4       19%         3
 Gell's Gravitas          Tloc           11%        N/A       19%         3
 Hailstorm                Conj/Ice       11%        3d5       19%         3
 Teleport Other           Tloc           11%        N/A       19%         3
 Volatile Blastmotes      Fire/Tloc      22%        2d11      19%         3
 Fulminant Prism          Conj/Hex       20%        3d12      3%          4
 Ice Form                 Ice/Tmut       33%        N/A       8%          4
 Metabolic Englaciation   Hex/Ice        20%        N/A       10%         5
 Iskenderun's Mystic Bla  Conj/Tloc      11%        2d4       52%         4
 Manifold Assault         Tloc           11%        N/A       52%         4
 Eringya's Noxious Bog    Tmut/Pois      16%        N/A       75%         6
 Summon Forest            Summ/Tloc      5%         N/A       86%         5
 Simulacrum               Ice/Necr       5%         N/A       100%        6
 Storm Form               Tmut/Air       16%        N/A       100%        7
 Summon Hydra             Summ           5%         N/A       100%        7


Dungeon Overview and Level Annotations

Branches:
Dungeon (1/1)

Altars:
Cheibriados
Dithmenos
Elyvilon
Fedhas
Gozag
Hepliaklqana
Kikubaaqudgha
Makhleb
Nemelex Xobeh
Okawaru
Qazlal
Ru
Sif Muna
Trog
Uskayaw
Vehumet
Wu Jian
Xom
Yredelemnul
Zin
The Shining One
Jiyva
Lugonu

Shops:
D :=?[[[!(:[[(=!!

Annotations:
D exclusion: oklob plant


Innate Abilities, Weirdness & Mutations

You are very small and have problems with some larger weapons.
You are too small for most types of armour.
You have supernaturally acute eyesight. (SInv)
You cover ground extremely quickly. (Speed+++)


Message History

d - 4 potions of curing (gained 1)
r - a white potion You now have 601 gold pieces (gained 9).
You see here a +0 leather armour.
You see here a +0 robe.
s - a scroll of blinking You see here a +0 spear.
t - a scroll labelled CEIZEO ETSAWK You now have 606 gold pieces (gained 5).
s - 2 scrolls of blinking (gained 1)
You see here 3 silver boomerangs.
You see here 6 stones.
r - 4 white potions (gained 3)
u - a scroll labelled ZIVUITZ QUESOJ You see here a +0 robe.
You pick up a manual of Ranged Weapons and begin studying.
You now have 620 gold pieces (gained 14).
You see here 2 stones.
You now have 628 gold pieces (gained 8).
You now have 641 gold pieces (gained 13).
You pick up an Inescapable Atlas and begin reading...
You add the spells Blink, Manifold Assault and Storm Form to your library.
Okay, then.
Unknown command.
You see here a +0 spear.
You see here 8 stones.
You open the door.
Tentacles burst out of the water! 4 tentacles come into view.
There is an open door here.
You enter the shallow water.
Moving in this stuff is going to be slow.
The tentacle closely misses you. The tentacle closely misses you.
The tentacle slaps you! The tentacle completely misses you.
A tentacle segment bursts forth from the water.
The tentacle slaps you!!
Ouch! That really hurt!
You emit a cloud of dark smoke.
The tentacle slaps you!!
You die...

..####.# #[)▓.((...)(▓▓
###.('.####[○▓....[[.)▓▓
..#..#...####▓.[.....[▓▓
..#####^.##.#▓(..)....▓▓
#..#).'..#..#▓[..[..(.▓▓
#..#).#..#..#▓.......(▓▓
'§)####..##.#▓.[......▓▓
#§...###§..##▓▓▓▓▓▓▓Λ▓▓▓▓+▓
#......§§~~~~~§§@w§~...Xw≈▓
~~..§.§§#'########§###w≈w≈▓
~~~~§..~#_._._...#÷§~##≈≈≈▓
~~~§§~§~#._._._._#~§§§####▓
≈≈§~~~~~#_._._._.#~§~§≈#
§≈§§≈§~§#._._._._#~§~≈≈§#
≈§≈≈≈≈≈~#.._._._.#~§§§~§+
≈≈≈###≈§#..._._._#~~~§§S#
#§≈#...._._.#~~≈§≈§▓


You could see a tentacle and a water moccasin (asleep).

Vanquished Creatures
  A deep elf master archer (D)
  A fire dragon (D)
  2 boulder beetles (D)
  An iron elemental (D)
  A yaktaur (D)
  3 polar bears (D)
  A hornet (D)
  4 wyverns (D)
  Menkaure (D)
  4 neqoxecs (D)
  3 water moccasins (D)
  4 necrophages (D)
26 creatures vanquished.

Vanquished Creatures (others)
  12 tentacles (D)
12 creatures vanquished.

Grand Total: 38 creatures vanquished

Notes
Turn   | Place    | Note
-------+----------+-------------------------------------------
     0 | D        | Groucho the Spriggan Enchanter began the quest for the Orb.
     0 | D        | Reached XP level 1. HP: 9/9 MP: 5/5
     3 | D        | Noticed a neqoxec
     6 | D        | Noticed a wyvern
     6 | D        | Noticed a wyvern
     9 | D        | Noticed a necrophage
     9 | D        | Noticed a necrophage
     9 | D        | Noticed a necrophage
     9 | D        | Noticed a necrophage
    19 | D        | Killed a necrophage
    20 | D        | Reached skill level 6 in Stealth
    20 | D        | Reached skill level 5 in Hexes
    20 | D        | Reached XP level 2. HP: 7/15 MP: 6/8
    20 | D        | Reached XP level 3. HP: 9/18 MP: 6/9
    24 | D        | Killed a necrophage
    25 | D        | Reached skill level 5 in Dodging
    25 | D        | Reached skill level 8 in Stealth
    25 | D        | Reached skill level 5 in Spellcasting
    25 | D        | Reached XP level 4. HP: 13/24 MP: 7/12
    26 | D        | Killed a necrophage
    27 | D        | Reached skill level 5 in Short Blades
    27 | D        | Reached skill level 11 in Stealth
    27 | D        | Reached XP level 5. HP: 16/29 MP: 7/13
    29 | D        | Reached skill level 5 in Fighting
    29 | D        | Reached skill level 12 in Stealth
    37 | D        | Killed a neqoxec
    38 | D        | Reached skill level 15 in Stealth
    38 | D        | Reached XP level 6. HP: 20/35 MP: 8/14
    38 | D        | Noticed a neqoxec
    39 | D        | Killed a neqoxec
    40 | D        | Noticed a neqoxec
    40 | D        | Noticed a neqoxec
    42 | D        | Killed a neqoxec
    43 | D        | Reached XP level 7. HP: 23/39 MP: 8/15
    44 | D        | Killed a neqoxec
    56 | D        | Killed a wyvern
    59 | D        | Killed a wyvern
    60 | D        | Reached XP level 8. HP: 28/43 MP: 9/18
    65 | D        | Noticed a boulder beetle
    65 | D        | Noticed a boulder beetle
    68 | D        | Killed a boulder beetle
    69 | D        | Reached skill level 10 in Spellcasting
    71 | D        | Killed a boulder beetle
    72 | D        | Reached skill level 10 in Short Blades
    72 | D        | Reached XP level 9. HP: 32/47 MP: 10/24
    75 | D        | Found Ytittoum's Book Boutique.
    75 | D        | Found Gaxtaov's Antique Weapon Shop.
    75 | D        | Found Fikuowk's Antique Armour Shop.
    75 | D        | Found Utzyxuf's Distillery.
    75 | D        | Found Tarudiun's Distillery.
    76 | D        | Found Qauteschu's Jewellery Boutique.
    76 | D        | Found Riokk's Antique Weapon Shop.
    76 | D        | Found Quor's Armour Boutique.
    76 | D        | Found Omiakijo's Antique Armour Shop.
    76 | D        | Found Riebruxi's Antique Armour Boutique.
    80 | D        | Learned a level 2 spell: Ensorcelled Hibernation
    84 | D        | Learned a level 3 spell: Confusing Touch
    88 | D        | Learned a level 3 spell: Dazzling Flash
    92 | D        | Learned a level 3 spell: Tukima's Dance
    92 | D        | Found Quntomn's Distillery.
    92 | D        | Found Vesm's Antique Armour Shop.
    92 | D        | Found Tieruint's Magic Scroll Shop.
    92 | D        | Found Duwkoc's Jewellery Boutique.
    92 | D        | Noticed Menkaure
    92 | D        | Noticed a shining eye
    92 | D        | Noticed a shining eye
   104 | D        | Killed Menkaure
   107 | D        | Noticed a shining eye
   107 | D        | Noticed an oklob plant
   108 | D        | Found Lacve's Book Shoppe.
   109 | D        | Noticed a manticore
   148 | D        | Noticed a manticore
   151 | D        | Noticed a manticore
   164 | D        | Noticed an unseen horror
   206 | D        | Bought 2 potions of flight for 78 gold pieces
   208 | D        | Bought a book of Blasting for 400 gold pieces
   208 | D        | Bought a book of Sloth for 360 gold pieces
   213 | D        | Learned a level 4 spell: Petrify
   219 | D        | Learned a level 5 spell: Lee's Rapid Deconstruction
   226 | D        | Learned a level 6 spell: Statue Form
   248 | D        | Found an iron altar of Okawaru.
   248 | D        | Found an opulent altar of Gozag.
   249 | D        | Found a sparkling altar of Nemelex Xobeh.
   249 | D        | Found a blossoming altar of Fedhas.
   250 | D        | Found a radiant altar of Vehumet.
   250 | D        | Found a burning altar of Makhleb.
   250 | D        | Found a white marble altar of Elyvilon.
   251 | D        | Found a hide-covered altar of Uskayaw.
   251 | D        | Found a corrupted altar of Lugonu.
   251 | D        | Found a shadowy altar of Dithmenos.
   252 | D        | Found a glowing silver altar of Zin.
   252 | D        | Found a bloodstained altar of Trog.
   252 | D        | Found an ancient bone altar of Kikubaaqudgha.
   253 | D        | Found a basalt altar of Yredelemnul.
   253 | D        | Found a shimmering blue altar of Sif Muna.
   253 | D        | Found a viscous altar of Jiyva.
   254 | D        | Found a shimmering altar of Xom.
   254 | D        | Found a sacrificial altar of Ru.
   256 | D        | Found a glowing golden altar of the Shining One.
   256 | D        | Found an ornate altar of the Wu Jian Council.
   256 | D        | Found a stormy altar of Qazlal.
   256 | D        | Found a snail-covered altar of Cheibriados.
   256 | D        | Found a hazy altar of Hepliaklqana.
   263 | D        | Became a worshipper of Dithmenos the Shadowed
   274 | D        | Noticed a fire dragon
   276 | D        | Killed a fire dragon
   277 | D        | Reached skill level 10 in Dodging
   284 | D        | Noticed an iron elemental
   303 | D        | Killed an iron elemental
   307 | D        | Noticed a polar bear
   308 | D        | Noticed a yaktaur
   320 | D        | Reached * piety under Dithmenos
   342 | D        | Killed a polar bear
   343 | D        | Reached XP level 10. HP: 39/51 MP: 6/25
   369 | D        | Reached ** piety under Dithmenos
   370 | D        | Reached skill level 10 in Earth Magic
   394 | D        | Noticed a deep elf master archer
   412 | D        | Killed a deep elf master archer
   412 | D        | Reached *** piety under Dithmenos
   413 | D        | Reached skill level 10 in Transmutations
   434 | D        | Noticed a kraken
  1238 | D        | Mangled by a tentacle

Illustrated notes

Levels and vault maps discovered:
D:        the_violet_keep_of_menkaure [sprint2_stairs_cluster_1,
          sprint2_shoproom, sprint2_temple, sprint2_basic_supplies,
          sprint2_obstacle_2, sprint2_obstacle_6, sprint2_obstacle_1,
          sprint2_obstacle_5, sprint2_obstacle_4, sprint2_timed_cluster_1,
          sprint2_smallroom_cluster_1, sprint2_smallroom_final_cluster_1,
          sprint2_transparent_cluster_1, sprint2_second_timed_cluster_1,
          sprint2_sniper_area_1, sprint2_heavy_combat_area_1,
          sprint2_mutation_trap_area_1, sprint2_forest_area_1,
          sprint2_light_combat_area_1, sprint2_behind_water_1,
          sprint2_near_end_vault_1]

Skill      XL: |  1  2  3  4  5  6  7  8  9 10 |
---------------+-------------------------------+-----
Fighting       | 2 3 4 5 |  5.0
Short Blades   | 3 4 5 10 | 10.0
Dodging        | 4 5 8 10 | 10.0
Stealth        | 6 8 11 15 | 15.0
Spellcasting   | 4 5 6 10 | 10.0
Hexes          | 5 6 11 14 | 14.0
Earth Magic    | 9 11 | 11.5
Transmutations | 10 | 10.0

Action                     |  1- 3 |  4- 6 |  7- 9 | 10-12 || total
---------------------------+-------+-------+-------+-------++-------
  Melee: Dagger            |    13 |     6 |    24 |    29 ||    72
   Cast: Ensorcelled Hiber |       |       |     6 |     6 ||    12
         Lee's Rapid Decon |       |       |     4 |     8 ||    12
         Confusing Touch   |       |       |     3 |     2 ||     5
    Use: Potion            |     2 |       |     1 |     3 ||     6
         Scroll            |       |       |       |     1 ||     1
   Stab: Invisible         |     3 |     1 |       |     3 ||     7
         Sleeping          |     2 |     4 |     8 |     6 ||    20
         Confused          |       |       |     3 |     4 ||     7
  Dodge: Dodged            |     9 |     1 |    17 |    30 ||    57
